 Dungeon Crawl Stone Soup version 0.18-a0-628-gc02dfad (webtiles) character file.

346776 Hedron the Archmage (level 21, -6/123 HPs)
             Began as a Deep Elf Conjurer on Nov 24, 2015.
             Was the Champion of Vehumet.
             Mangled by a quicksilver dragon (8 damage)
             ... while paralysed by a sphinx
             ... on level 5 of the Vaults on Dec 4, 2015.
             The game lasted 04:48:05 (73970 turns).

Hedron the Archmage (Deep Elf Conjurer)            Turns: 73970, Time: 04:48:05

Health: -6/123     AC: 13    Str:  7    XL:     21   Next: 20%
Magic:  63/63      EV: -3    Int: 41    God:    Vehumet [******]
Gold:   2764       SH:  0    Dex: 23    Spells: 18 memorised, 2 levels left

rFire  . . .     SeeInvis +     Z - staff of earth
rCold  . . .     Clarity  +     Y - +2 robe {Archmagi}
rNeg   . . .     SustAt   .     q - +3 buckler
rPois  +         Gourm    .     i - +2 hat {SInv}
rElec  .         Spirit   .     W - +2 cloak {+Inv}
rCorr  +         Dismiss  .     f - +0 pair of gloves of Ekixt {rCorr Dex+8}
rMut   .         Stasis   .     N - +2 pair of boots {Stlth+}
MR     ++...                    Q - amulet of clarity
Stlth  ++++......               X - ring "Saubluso" {*Corrode MP+9 Int+10}
                                p - ring of poison resistance

@: paralysed, slowed, delayed fireball, repel missiles, drained, very resistant
to hostile enchantments, stealthy
A: strong 1
a: Renounce Religion, Release Delayed Fireball, Evoke Invisibility
}: 2/15 runes: decaying, gossamer


You were on level 5 of the Vaults.
You worshipped Vehumet.
Vehumet was exalted by your worship.
You were not hungry.

You visited 7 branches of the dungeon, and saw 41 of its levels.
You visited 1 bazaar.
You also visited: Sewer and Ice Cave.

You collected 3960 gold pieces.
You spent 1196 gold pieces at shops.

Inventory:

Hand Weapons
 z - a +4 short sword of protection
Armour
 f - the +0 pair of gloves of Ekixt (worn) {rCorr Dex+8}
   (You found it on level 1 of the Swamp)

   It affects your dexterity (+8).
   It protects you from acid and corrosion.
 i - a +2 hat of see invisible (worn)
 q - a +3 buckler (worn)
 N - a +2 pair of boots of stealth (worn)
 W - a +2 cloak of invisibility (worn)
 Y - a +2 robe of the Archmagi (worn)
Magical Staves
 Z - an uncursed staff of earth (weapon)
Jewellery
 p - a ring of poison resistance (left hand)
 s - an uncursed ring of flight
 P - an uncursed ring of teleportation
 Q - an amulet of clarity (around neck)
 X - the ring "Saubluso" (right hand) {*Corrode MP+9 Int+10}
   (You found it on level 3 of the Vaults)

   [ring of magical power]

   It affects your intelligence (+10).
   It affects your magic capacity (+9).
   It may corrode your equipment when you take damage.
Wands
 m - a wand of disintegration (12)
 r - a wand of teleportation (7)
 D - a wand of heal wounds (3)
 J - a wand of digging (8)
 L - a wand of digging (17)
Scrolls
 k - 3 scrolls of holy word
 l - 6 scrolls of magic mapping
 n - 3 scrolls of fog
 v - 7 scrolls of remove curse
 H - 7 scrolls of recharging
 O - a scroll of silence
 R - 6 scrolls of teleportation
 T - 13 scrolls of identify
Potions
 b - 3 potions of invisibility
 d - 9 potions of heal wounds
 e - 14 potions of might
 j - 2 potions of haste
 o - 4 potions of agility
 t - 3 potions of magic
 u - 5 potions of brilliance
 B - 4 potions of cancellation
 C - 2 potions of resistance
 E - 10 potions of curing
 I - a potion of cure mutation
Miscellaneous
 h - a lamp of fire
 G - a sack of spiders {used: 1}
 S - a disc of storms
Comestibles
 a - 3 royal jellies
 c - 19 bread rations
 g - 13 meat rations
 w - 5 beef jerkies
 x - a chunk of flesh


   Skills:
 + Level 10.6(10.3) Fighting
 - Level 12.2(11.9) Dodging
 - Level 2.4(2.1) Stealth
 - Level 5.0(4.7) Shields
 O Level 27(26.5) Spellcasting
 - Level 14.4(14.0) Conjurations
 - Level 9.3(9.0) Hexes
 - Level 9.0(8.7) Charms
 - Level 11.1(10.8) Fire Magic
 - Level 19.9(19.5) Earth Magic


You had 2 spell levels left.
You knew the following spells:

 Your Spells              Type           Power        Failure   Level  Hunger
a - Magic Dart            Conj           ####         0%          1    None
b - Searing Ray           Conj           ######       0%          2    None
c - Dazzling Spray        Conj/Hex       ########     0%          3    None
d - Iskenderun's Mystic   Conj           ########     0%          4    None
e - Fulminant Prism       Conj/Hex       ########..   1%          4    None
f - Iskenderun's Battles  Conj/Chrm      ########     1%          5    None
g - Regeneration          Chrm/Necr      #######...   1%          3    None
h - Bolt of Magma         Conj/Fire/Erth #########.   1%          5    None
i - Iron Shot             Conj/Erth      #########.   1%          6    None
j - Delayed Fireball      Conj/Fire      N/A          1%          7    None
k - Fireball              Conj/Fire      ########..   1%          5    None
l - Repel Missiles        Chrm/Air       ######       1%          2    None
m - Blink                 Tloc           N/A          1%          2    None
n - Lehudib's Crystal Sp  Conj/Erth      #########.   1%          8    None
o - Shatter               Erth           #########.   3%          9    None
p - Passage of Golubria   Tloc           N/A          3%          4    None
q - Summon Butterflies    Summ           ######..     1%          1    None
r - Statue Form           Trmt/Erth      ########.    1%          6    None


Dungeon Overview and Level Annotations

Branches:
Dungeon (15/15)            Temple (1/1) D:7            Lair (8/8) D:10
  Swamp (4/4) Lair:4       Spider (4/4) Lair:6        Slime (0/6) Lair:6
    Orc (4/4) D:9             Elf (0/3) Orc:3        Vaults (5/5) D:14
  Crypt (0/3) Vaults:3     Depths (0/5) D:15

Altars:
Ashenzari
Cheibriados
Dithmenos
Elyvilon
Fedhas
Gozag
Kikubaaqudgha
Makhleb
Nemelex Xobeh
Okawaru
Qazlal
Ru
Sif Muna
Trog
Vehumet
Xom
Yredelemnul
Zin
The Shining One
Beogh
Jiyva

Shops:
D:6 %   D:15 [   Orc:3 (   Orc:4 }[}


Innate Abilities, Weirdness & Mutations

Your muscles are strong. (Str +2)


Message History

The bolt of penetration misses you.
You hear a shout!
You hear a roar!
A redback, a yaktaur, a stone giant and 2 humans come into view.
The wind drake falls off the wall.
The redback changes into a wind drake!
The quicksilver dragon breathes dispelling energy at you.
The bolt of dispelling energy is repelled.
The sphinx mumbles some strange words.
You suddenly lose the ability to move!
The freezing wraith hits you. The freezing wraith freezes you!!
* * * LOW HITPOINT WARNING * * *
The freezing wraith hits you but does no damage.
The stone giant throws a large rock.
The large rock hits you!!
* * * LOW HITPOINT WARNING * * *
The deep elf sorcerer wildly gestures.
The deep elf sorcerer glows brightly for a moment.
The deep elf sorcerer gestures wildly while chanting.
The deep elf sorcerer seems to speed up.
The freezing wraith hits you but does no damage. x2
The quicksilver dragon bites you!
You die...

.#.e#...[...#).
.......p.#..#%!
.....).pp#...$)
..$.........[##
.....[[[......k
.....D[.[D.....
#...[.)WD[.####
...[..D@.[.....
..[[.<..<.[....
....[[<<..[....
......[[.[.....
##...[..[.....#
C.)...[[.....##
c..).......H.#
#)c.#....#.#..


You could see 3 shadow dragons, 2 ironheart preservers, a quicksilver dragon, a
sphinx, a stone giant, a yaktaur captain, a vault guard, a deep elf sorcerer, a
wind drake shaped shifter, a yaktaur and a freezing wraith.

Vanquished Creatures
  Mara (Vaults:4)
  Norris (Spider:4)
  Saint Roka (Vaults:4)
  A bone dragon (Swamp:4)
  Arachne (Spider:3)
  2 liches
  Jorgrun (Vaults:4)
  2 tentacled monstrosities
  A sphinx (Vaults:3)
  3 thorn hunters
  Gastronok (Orc:2)
  Agnes (D:14)
  Frances (D:14)
  A shadow dragon (Vaults:4)
  A tengu reaver (Vaults:1)
  A fire giant (Vaults:3)
  Donald (Spider:4)
  16 vault wardens
  2 frost giants (Vaults:3)
  Louise (Swamp:1)
  2 ghost moths (Spider:4)
  9 emperor scorpions
  6 stone giants
  A war gargoyle (Vaults:3)
  14 ironheart preservers
  A very ugly thing (Vaults:4)
  A salamander stormcaller (Vaults:4)
  A deep elf demonologist (Vaults:3)
  4 spark wasps
  Azrael (D:13)
  Snorg (D:13)
  A deep elf death mage (Vaults:3)
  6 ettins
  34 vault guards
  A fire dragon (Vaults:1)
  3 great orbs of eyes
  3 entropy weavers (Spider:2)
  21 hydras
  4 yaktaur captains
  Harold (D:10)
  Erolcha (Orc:4)
  A catoblepas (D:13)
  3 ghost crabs
  16 ogre magi
  The ghost of Skaffen the Destroyer, a journeyman OpFE of Vehumet (D:11)
  7 alligators
  4 centaur warriors
  8 death yaks
  A deep troll earth mage (Vaults:2)
  7 spriggans
  6 hell knights (Vaults:4)
  The ghost of asdu the Destroyer, a novice OpFE of Ru (D:11)
  Sonja (D:14)
  A deep elf knight (Vaults:1)
  Nergalle (D:11)
  2 fire crabs
  8 skeletal warriors
  2 flayed ghosts
  A deep elf summoner (Vaults:4)
  10 deep trolls
  5 swamp dragons
  12 ironbrand convokers
  4 spriggan druids
  9 hill giants
  An unseen horror (D:11)
  2 necromancers
  3 spectral hydras (Swamp:4)
  Pikel (D:7)
  A shambling mangrove (Swamp:2)
  3 phantasmal warriors
  A lindwurm (Lair:8)
  12 orc sorcerers
  21 ugly things
  7 hornets
  8 griffons
  A manticore (D:12)
  A deep elf conjurer (Vaults:3)
  15 orc knights
  16 orb spiders
  31 wolf spiders
  6 wizards
  A moth of wrath (Spider:4)
  An oklob plant (Swamp:4)
  6 cyclopes
  17 vault sentinels
  5 black mambas
  Maurice (Orc:2)
  2 guardian serpents (shapeshifter)
  17 elephants
  An ice statue (IceCv)
  4 centaur zombies
  21 spiny frogs
  2 efreet (D:14)
  35 yaktaurs
  2 gargoyles
  4 kobold demonologists
  17 demonic crawlers
  15 komodo dragons
  A naga mage (D:15)
  A fire drake (shapeshifter) (Vaults:2)
  3 swamp worm zombies (Swamp:4)
  A tengu conjurer (D:15)
  A yaktaur (shapeshifter) (Vaults:4)
  A deep elf priest (Vaults:5)
  3 fire drakes
  4 hydra zombies (Swamp:4)
  A harpy zombie (D:10)
  5 giant leeches
  14 polar bears
  17 jumping spiders
  A queen bee (D:9)
  16 freezing wraiths
  2 raiju (Lair:8)
  13 trolls
  15 slime creatures
  25 two-headed ogres
  3 boulder beetles
  5 alligator zombies (Swamp:4)
  10 bog bodies
  37 blink frogs
  39 redbacks
  4 shadows
  A yak (shapeshifter) (D:14)
  A spectral swamp dragon (Swamp:4)
  3 wraiths
  42 yaks
  3 fire elementals (D:13)
  A redback (shapeshifter) (Vaults:1)
  A salamander simulacrum (Vaults:1)
  2 deep elf magi
  30 tarantellas
  19 trapdoor spiders
  A water elemental (D:13)
  11 wyverns
  A death yak simulacrum (IceCv)
  A hippogriff (shapeshifter) (Vaults:4)
  7 deep elf fighters
  A steam dragon (Lair:6)
  27 wolves
  23 vampire mosquitoes
  9 hippogriffs
  3 basilisks
  Menkaure (D:5)
  11 wargs
  21 insubstantial wisps
  2 hungry ghosts
  19 water moccasins
  2 soldier ants
  21 swamp worms
  6 hell hounds
  6 swamp drakes
  2 mottled dragons (Vaults:2)
  Duvessa (D:6)
  41 orc warriors
  An eye of draining (D:13)
  36 ogres
  15 porcupines
  4 sky beasts
  15 black bears
  9 phantoms
  3 necrophages
  2 slaves (D:7)
  7 boggarts
  3 swamp dragon zombies (Swamp:4)
  9 wasps
  15 centaurs
  8 ice beasts
  18 crocodiles
  3 big kobolds
  29 giant frogs
  Dowan (D:6)
  A wyvern zombie (D:7)
  A wyvern skeleton (D:15)
  5 scorpions
  28 killer bees
  8 jellies
  4 quasits
  An elephant simulacrum (IceCv)
  15 wights
  2 electric eels
  2 draconian simulacra (IceCv)
  4 giant frog zombies
  20 hounds
  A hound (shapeshifter) (Vaults:1)
  5 crimson imps
  3 giant frog skeletons
  3 centaur skeletons
  33 orc priests
  12 worker ants
  65 orc wizards
  15 iguanas
  3 spectral swamp drakes (Swamp:4)
  5 hell rats (Lair:5)
  A killer bee zombie (D:9)
  3 spriggan simulacra (IceCv)
  3 troll simulacra (IceCv)
  2 wolf simulacra (IceCv)
  29 sheep
  5 centaur simulacra
  An elf simulacrum (Vaults:1)
  2 hound zombies
  A hound skeleton (D:7)
  A swamp drake zombie (Swamp:4)
  7 gnolls
  73 river rats
  3 ogre simulacra (IceCv)
  5 shadow imps
  12 white imps (IceCv)
  13 adders
  5 naga simulacra (IceCv)
  3 oozes
  An adder skeleton (D:5)
  6 worms
  6 giant geckos
  228 orcs
  12 bats
  4 giant cockroaches
  5 hobgoblins
  37 jackals
  2 ball pythons
  A ball python skeleton (D:4)
  5 giant newts
  4 goblins
  A jackal skeleton (D:4)
  A jackal zombie (D:5)
  15 kobolds
  7 quokkas
  A quokka skeleton (D:6)
  A quokka zombie (D:6)
  19 rats
  A fulminant prism (Orc:2)
  4 fungi
  3 plants
2037 creatures vanquished.

Vanquished Creatures (others)
  A vampire (D:14)
  An orc (Orc:2)
  13 bushes
  156 fulminant prisms
  37 fungi
  27 plants
235 creatures vanquished.

Grand Total: 2272 creatures vanquished

Notes
Turn   | Place    | Note
--------------------------------------------------------------
     0 | D:1      | Hedron the Deep Elf Conjurer began the quest for the Orb.
     0 | D:1      | Reached XP level 1. HP: 10/10 MP: 6/6
   472 | D:1      | Found a sparkling altar of Nemelex Xobeh.
   476 | D:1      | Reached XP level 2. HP: 15/15 MP: 2/8
   611 | D:1      | Learned a level 2 spell: Searing Ray
  1295 | D:2      | Reached XP level 3. HP: 19/19 MP: 4/10
  1346 | D:2      | Learned a level 3 spell: Dazzling Spray
  1663 | D:2      | Found a shadowy altar of Dithmenos.
  1663 | D:2      | Found a snail-covered altar of Cheibriados.
  1663 | D:2      | Found a white marble altar of Elyvilon.
  1663 | D:2      | Found an ancient bone altar of Kikubaaqudgha.
  1677 | D:2      | Found a stormy altar of Qazlal.
  1682 | D:2      | Found a bloodstained altar of Trog.
  1709 | D:2      | Reached skill level 5 in Conjurations
  1709 | D:2      | Reached skill level 1 in Hexes
  2183 | D:3      | Reached XP level 4. HP: 24/24 MP: 8/12
  2224 | D:3      | Learned a level 4 spell: Iskenderun's Mystic Blast
  2258 | D:3      | Reached skill level 5 in Spellcasting
  2835 | D:3      | Found a deep blue altar of Sif Muna.
  2840 | D:3      | Noticed a giant frog
  2848 | D:3      | Killed a giant frog
  2848 | D:3      | Reached XP level 5. HP: 10/28 MP: 0/15
  3152 | D:3      | Learned a level 4 spell: Fulminant Prism
  3477 | D:4      | Reached skill level 6 in Spellcasting
  3733 | D:4      | Reached XP level 6. HP: 32/32 MP: 10/17
  4348 | D:4      | Reached skill level 7 in Spellcasting
  4488 | D:4      | Learned a level 5 spell: Iskenderun's Battlesphere
  4689 | D:4      | Reached XP level 7. HP: 36/36 MP: 9/19
  4695 | D:4      | Reached skill level 1 in Charms
  5232 | D:5      | Entered Level 5 of the Dungeon
  5440 | D:5      | Found an iron altar of Okawaru.
  5555 | D:5      | Found a glowing drain.
  5559 | Sewer    | Entered a sewer
  5736 | Sewer    | Reached skill level 8 in Spellcasting
  5900 | Sewer    | Found a white marble altar of Elyvilon.
  5998 | D:5      | Reached XP level 8. HP: 41/41 MP: 9/22
  6318 | D:5      | Noticed Menkaure
  6321 | D:5      | Killed Menkaure
  6321 | D:5      | Reached skill level 5 in Hexes
  6768 | D:6      | Noticed Dowan
  6770 | D:6      | Noticed Duvessa
  6921 | D:6      | Killed Duvessa
  6929 | D:6      | Killed Dowan
  6929 | D:6      | Reached skill level 9 in Spellcasting
  7126 | D:6      | Found a bloodstained altar of Trog.
  7521 | D:6      | Got a bone hand axe
  7522 | D:6      | Identified the +5 hand axe "Limoq" {chop, Int+2} (You found it on level 6 of the Dungeon)
  7684 | D:6      | Found Uliklenu's Food Boutique.
  7912 | D:7      | Found a shimmering altar of Xom.
  7932 | D:7      | Found a staircase to the Ecumenical Temple.
  8011 | D:7      | Reached XP level 9. HP: 29/45 MP: 0/24
  8059 | D:7      | Reached skill level 5 in Charms
  8116 | D:7      | Reached skill level 10 in Spellcasting
  8303 | Temple   | Entered the Ecumenical Temple
  8437 | Temple   | Became a worshipper of Vehumet
  8524 | D:7      | Noticed Pikel
  8541 | D:7      | Killed Pikel
  9277 | D:8      | Reached skill level 11 in Spellcasting
  9332 | D:8      | Learned a level 3 spell: Regeneration
  9534 | D:8      | Reached skill level 10 in Conjurations
  9757 | D:8      | Reached * piety under Vehumet
  9757 | D:8      | Offered knowledge of Flame Tongue by Vehumet.
  9772 | D:8      | Reached XP level 10. HP: 50/50 MP: 3/27
 10741 | D:9      | Reached skill level 12 in Spellcasting
 10792 | D:9      | Offered knowledge of Sting by Vehumet.
 10809 | D:9      | Reached ** piety under Vehumet
 11128 | D:9      | Found a staircase to the Orcish Mines.
 11695 | D:9      | Found a sacrificial altar of Ru.
 11841 | D:10     | Entered Level 10 of the Dungeon
 11848 | D:10     | Offered knowledge of Stone Arrow by Vehumet.
 12009 | D:10     | Reached skill level 13 in Spellcasting
 12024 | D:10     | Reached *** piety under Vehumet
 12379 | D:10     | Got a warped ring mail
 12414 | D:10     | Identified the +5 ring mail of the Countless Beggars {Stlth+} (You found it on level 10 of the Dungeon)
 12539 | D:10     | Offered knowledge of Force Lance by Vehumet.
 12557 | D:10     | Noticed Harold
 12581 | D:10     | Killed Harold
 12581 | D:10     | Reached XP level 11. HP: 31/54 MP: 15/30
 13115 | D:10     | Found a shimmering altar of Xom.
 13115 | D:10     | Found a shimmering altar of Xom.
 13115 | D:10     | Found a shimmering altar of Xom.
 13115 | D:10     | Found a shimmering altar of Xom.
 13116 | D:10     | Found a shimmering altar of Xom.
 13116 | D:10     | Found a shimmering altar of Xom.
 13117 | D:10     | Found a shimmering altar of Xom.
 13189 | D:10     | Found a staircase to the Lair.
 13532 | D:10     | Upgraded the game from 0.18-a0-211-gcfb53b4 to 0.18-a0-246-gbfa2ae1
 13533 | Lair:1   | Entered Level 1 of the Lair of Beasts
 13666 | Lair:1   | Reached skill level 1 in Fighting
 13733 | Lair:1   | Reached **** piety under Vehumet
 13900 | Lair:1   | Got a bloodstained robe
 13933 | Lair:1   | Identified the +3 robe "Paextaumm" {rElec Str+4} (You found it on level 1 of the Lair of Beasts)
 14101 | Lair:1   | Found a frozen archway.
 14115 | IceCv    | Entered an ice cave
 14123 | IceCv    | Reached skill level 5 in Dodging
 14141 | IceCv    | Offered knowledge of Lee's Rapid Deconstruction by Vehumet.
 14871 | IceCv    | Got a steaming great mace
 14876 | IceCv    | Identified the cursed +0 great mace of the Extremes {vamp, rF+ Dex+2} (You found it in an ice cave)
 14945 | IceCv    | Noticed a necromancer
 14949 | IceCv    | Killed a necromancer
 15419 | IceCv    | Reached ***** piety under Vehumet
 15461 | IceCv    | Offered knowledge of Conjure Ball Lightning by Vehumet.
 15562 | IceCv    | Found an ancient bone altar of Kikubaaqudgha.
 16000 | Lair:1   | Reached skill level 5 in Fighting
 16000 | Lair:1   | Reached XP level 12. HP: 66/68 MP: 17/31
 16299 | Lair:1   | Identified a scroll of acquirement
 16307 | Lair:1   | Learned a level 5 spell: Bolt of Magma
 16314 | Lair:1   | Learned a level 6 spell: Iron Shot
 16410 | Lair:2   | Reached skill level 1 in Earth Magic
 16789 | Lair:2   | Noticed a seven-headed hydra
 16795 | Lair:2   | Killed a seven-headed hydra
 19365 | Lair:4   | Reached skill level 5 in Earth Magic
 19862 | Lair:4   | Found a staircase to the Swamp.
 20952 | Lair:5   | Reached skill level 14 in Spellcasting
 21013 | Lair:5   | Gained mutation: Your muscles are strong. (Str +2) [potion of beneficial mutation]
 21586 | Lair:5   | Reached XP level 13. HP: 74/74 MP: 24/33
 21809 | Lair:5   | Reached skill level 10 in Dodging
 22642 | Lair:6   | Found a staircase to the Slime Pits.
 22642 | Lair:6   | Found a viscous altar of Jiyva.
 23045 | Lair:6   | Found a hole to the Spider Nest.
 23811 | Lair:7   | Offered knowledge of Irradiate by Vehumet.
 24946 | Lair:7   | Found an ancient bone altar of Kikubaaqudgha.
 25304 | Lair:7   | Reached skill level 15 in Spellcasting
 25749 | Lair:7   | Reached XP level 14. HP: 82/82 MP: 13/35
 25955 | Lair:7   | Offered knowledge of Freezing Cloud by Vehumet.
 26114 | Lair:8   | Entered Level 8 of the Lair of Beasts
 27428 | Lair:8   | Reached skill level 10 in Earth Magic
 29896 | Lair:8   | Offered knowledge of Poison Arrow by Vehumet.
 31137 | Lair:1   | Upgraded the game from 0.18-a0-246-gbfa2ae1 to 0.18-a0-270-ga9d907f
 31297 | Orc:1    | Entered Level 1 of the Orcish Mines
 31297 | Orc:1    | Found a roughly hewn altar of Beogh.
 32162 | Orc:2    | Noticed Maurice
 32164 | Orc:2    | Killed Maurice
 32214 | Orc:2    | Noticed Gastronok
 32218 | Orc:2    | Killed Gastronok
 33049 | Orc:3    | Found Etti's Weapon Shoppe.
 33113 | Orc:3    | Reached XP level 15. HP: 62/89 MP: 28/36
 33114 | Orc:3    | Offered knowledge of Delayed Fireball by Vehumet.
 33363 | Orc:3    | Reached skill level 16 in Spellcasting
 33514 | Orc:3    | Upgraded the game from 0.18-a0-270-ga9d907f to 0.18-a0-337-g1235303
 33526 | Orc:3    | Learned a level 7 spell: Delayed Fireball
 33631 | Orc:3    | Reached skill level 1 in Fire Magic
 34325 | Orc:4    | Entered Level 4 of the Orcish Mines
 34488 | Orc:4    | Offered knowledge of Ozocubu's Refrigeration by Vehumet.
 34661 | Orc:4    | Reached ****** piety under Vehumet
 34824 | Orc:3    | Found a staircase to the Elven Halls.
 35429 | Orc:4    | Found Ukag's Gadget Emporium.
 35436 | Orc:4    | Found Waewir's Gadget Shoppe.
 35608 | Orc:4    | Found an ancient bone altar of Kikubaaqudgha.
 35614 | Orc:4    | Paralysed by an orc sorcerer for 4 turns
 35747 | Orc:4    | Found Ova Pioziom's Antique Armour Shoppe.
 35763 | Orc:4    | Noticed Erolcha
 35764 | Orc:4    | Reached skill level 5 in Fire Magic
 35766 | Orc:4    | Killed Erolcha
 35868 | Orc:4    | Found a radiant altar of Vehumet.
 35951 | Orc:4    | Found a roughly hewn altar of Beogh.
 36046 | Orc:4    | Found Osoybiets's Magic Scroll Emporium.
 36290 | Orc:4    | Bought a runed cloak for 126 gold pieces
 36290 | Orc:4    | Bought a runed buckler for 126 gold pieces
 36512 | Lair:1   | Learned a level 5 spell: Fireball
 36513 | Lair:1   | Upgraded the game from 0.18-a0-337-g1235303 to 0.18-a0-373-gaf408bd
 36642 | D:11     | Noticed Nergalle
 36643 | D:11     | Reached skill level 1 in Shields
 36646 | D:11     | Killed Nergalle
 37245 | D:11     | Noticed Skaffen's ghost (journeyman OpFE)
 37248 | D:11     | Killed Skaffen's ghost
 38178 | D:11     | Noticed asdu's ghost (novice OpFE)
 38183 | D:11     | Killed asdu's ghost
 39109 | D:12     | Reached skill level 5 in Shields
 39398 | D:13     | Found a flickering gateway to a bazaar.
 39407 | Bazaar   | Entered a bazaar
 39423 | Bazaar   | Found Amif's Gadget Shop.
 39454 | Bazaar   | Found Wuwyhal's Gadget Shop.
 39487 | Bazaar   | Found Ujuklorph's Distillery.
 39495 | Bazaar   | Bought a potion of resistance for 120 gold pieces
 39495 | Bazaar   | Bought a potion of haste for 120 gold pieces
 39495 | Bazaar   | Bought a potion of heal wounds for 60 gold pieces
 39495 | Bazaar   | Bought a potion of magic for 96 gold pieces
 39495 | Bazaar   | Bought a potion of heal wounds for 60 gold pieces
 39507 | Bazaar   | Found Onwy's Distillery.
 39517 | Bazaar   | Bought a potion of heal wounds for 35 gold pieces
 39517 | Bazaar   | Bought 2 potions of heal wounds for 70 gold pieces
 39543 | Bazaar   | Bought a wand of teleportation (7) for 264 gold pieces
 40020 | D:13     | Noticed Snorg
 40025 | D:13     | Killed Snorg
 40255 | D:13     | Noticed Azrael
 40263 | D:13     | Offered knowledge of Poisonous Cloud by Vehumet.
 40268 | D:13     | Killed Azrael
 41199 | D:13     | Reached skill level 10 in Fire Magic
 41975 | D:14     | Found a shattered altar of Ashenzari.
 41985 | D:14     | Learned a level 2 spell: Repel Missiles
 41988 | D:14     | Learned a level 2 spell: Blink
 42036 | D:14     | Paralysed by a wizard for 6 turns
 42242 | D:14     | Reached XP level 16. HP: 94/94 MP: 17/38
 42409 | D:14     | Noticed Sonja
 42409 | D:14     | Killed Sonja
 42581 | D:14     | Noticed Frances
 42589 | D:14     | Killed Frances
 42696 | D:14     | Noticed Agnes
 42699 | D:14     | Killed Agnes
 43069 | D:14     | Found a gate to the Vaults.
 43409 | D:15     | Entered Level 15 of the Dungeon
 43648 | D:15     | Offered knowledge of Lehudib's Crystal Spear by Vehumet.
 43648 | D:15     | Offered knowledge of Fire Storm by Vehumet.
 43648 | D:15     | Offered knowledge of Glaciate by Vehumet.
 44069 | D:14     | Reached skill level 17 in Spellcasting
 44445 | D:15     | Got a bloodstained hand crossbow
 44446 | D:15     | Identified the +6 hand crossbow "Loopy" {elec, rC+} (You found it on level 15 of the Dungeon)
 44565 | D:15     | Found Epniryaz's Antique Armour Emporium.
 44582 | D:15     | Bought a glowing cloak for 103 gold pieces
 44594 | D:15     | Bought a glowing robe for 16 gold pieces
 45052 | D:15     | Found a staircase to the Depths.
 45226 | D:15     | Got a jewelled scale mail
 45237 | D:15     | Identified the +5 scale mail of Creativity {rF++ MR- Int+2} (You found it on level 15 of the Dungeon)
 45307 | D:15     | Upgraded the game from 0.18-a0-373-gaf408bd to 0.18-a0-486-gab6c0bd
 45653 | Swamp:1  | Entered Level 1 of the Swamp
 46118 | Swamp:1  | Got a pair of pitted gloves
 46131 | Swamp:1  | Identified the cursed +0 pair of gloves of Ekixt {rCorr Dex+8} (You found it on level 1 of the Swamp)
 46139 | Swamp:1  | Noticed Louise
 46142 | Swamp:1  | Killed Louise
 46356 | Swamp:1  | Reached skill level 18 in Spellcasting
 48378 | Swamp:2  | You fall through a shaft!
 48380 | Swamp:3  | Reached skill level 19 in Spellcasting
 49758 | Swamp:3  | Identified Ihal's Compendium of Assistive Confrontation
 50059 | Swamp:3  | Reached skill level 20 in Spellcasting
 50368 | Swamp:3  | Noticed a tentacled monstrosity
 50377 | Swamp:3  | Killed a tentacled monstrosity
 50603 | Swamp:4  | Entered Level 4 of the Swamp
 50920 | Swamp:4  | Reached XP level 17. HP: 99/99 MP: 33/43
 51273 | Swamp:4  | Found a burning altar of Makhleb.
 51967 | Swamp:4  | Reached skill level 21 in Spellcasting
 53990 | Swamp:4  | Noticed a bone dragon
 53997 | Swamp:4  | Killed a bone dragon
 53997 | Swamp:4  | Reached skill level 22 in Spellcasting
 54378 | Swamp:4  | Got a decaying rune of Zot
 55121 | Lair:1   | Learned a level 8 spell: Lehudib's Crystal Spear
 55282 | Spider:1 | Entered Level 1 of the Spider Nest
 56457 | Spider:1 | Got a crude scale mail
 56458 | Spider:1 | Identified the +1 scale mail of Vanity {MR+ rCorr Int-3 SInv} (You found it on level 1 of the Spider Nest)
 58193 | Spider:2 | Reached skill level 23 in Spellcasting
 58758 | Spider:3 | Reached XP level 18. HP: 75/104 MP: 13/47
 59032 | Spider:3 | Noticed Arachne
 59038 | Spider:3 | Killed Arachne
 59362 | Spider:4 | Entered Level 4 of the Spider Nest
 59582 | Spider:4 | Noticed Norris
 59587 | Spider:4 | Killed Norris
 60687 | Spider:4 | Noticed Donald
 60724 | Spider:4 | Killed Donald
 61991 | Spider:4 | Reached skill level 24 in Spellcasting
 62380 | Spider:4 | Got a gossamer rune of Zot
 63158 | Lair:1   | Upgraded the game from 0.18-a0-486-gab6c0bd to 0.18-a0-628-gc02dfad
 63168 | Lair:1   | Learned a level 9 spell: Shatter
 63318 | Vaults:1 | Entered Level 1 of the Vaults
 63791 | Vaults:1 | Reached skill level 15 in Earth Magic
 64397 | Vaults:1 | Reached XP level 19. HP: 101/108 MP: 11/49
 65367 | Vaults:1 | Reached skill level 25 in Spellcasting
 66547 | Vaults:2 | Got a jewelled leather armour
 66549 | Vaults:2 | Identified the +0 leather armour "Tiergh" {rElec} (You found it on level 2 of the Vaults)
 68596 | Vaults:2 | Got a steaming halberd
 68597 | Vaults:2 | Identified the +10 halberd "Kyownan" {drain, rElec Int-2 Dex+3} (You found it on level 2 of the Vaults)
 68605 | Vaults:2 | Identified a +3 rod of inaccuracy (11/11) (You found it on level 2 of the Vaults)
 68976 | Vaults:3 | Reached skill level 26 in Spellcasting
 69542 | Vaults:3 | Found a staircase to the Crypt.
 69542 | Vaults:3 | Found an ancient bone altar of Kikubaaqudgha.
 69543 | Vaults:3 | Found a basalt altar of Yredelemnul.
 70105 | Vaults:3 | Reached XP level 20. HP: 114/114 MP: 43/52
 70190 | Vaults:3 | Learned a level 4 spell: Passage of Golubria
 70620 | Vaults:3 | Got a brightly glowing steel ring
 70623 | Vaults:3 | Identified the ring "Saubluso" {*Corrode MP+9 Int+10} (You found it on level 3 of the Vaults)
 71383 | Vaults:4 | Noticed Saint Roka
 71387 | Vaults:4 | Killed Saint Roka
 71597 | Vaults:4 | Reached skill level 27 in Spellcasting
 71607 | Vaults:4 | Noticed Jorgrun
 72110 | Vaults:4 | Killed Jorgrun
 72633 | Vaults:4 | Noticed Mara
 72635 | Vaults:4 | Noticed Hedron's illusion
 72641 | Vaults:4 | Killed Mara
 73267 | Vaults:4 | Learned a level 1 spell: Summon Butterflies
 73670 | Lair:1   | Learned a level 6 spell: Statue Form
 73911 | Vaults:5 | Entered Level 5 of the Vaults
 73912 | Vaults:5 | Reached XP level 21. HP: 117/120 MP: 54/54
 73913 | Vaults:5 | Reached skill level 10 in Fighting
 73970 | Vaults:5 | Paralysed by a sphinx for 4 turns
 73970 | Vaults:5 | HP: 2/123 [stone giant/large rock (33)]
 73970 | Vaults:5 | Mangled by a quicksilver dragon

Vault maps used:
D:1:      mrwooster_arrival_statue_2, nrook_loot_triangle,
          nemelex_xobeh_ov_fountains_minmay
D:2:      minmay_overflow_temple_hex
D:3:      nicolae_overflow_hidden_temple, hex_large
D:5:      old_standard_altar, first_bread, gup_sewer_entry_bowl, uniq_menkaure
D:6:      serial_shops, kennysheep_mini, trog_three_pillars_becter, uniq_duvessa
D:7:      xom_butterflies, temple_pool_b, interstate_on_off, uniq_pikel
D:9:      orc_0_dummy, david_nohive_1, nicolae_ru_the_path_less_chosen
D:10:     grunt_lair_entry_elf_guard_hut, xom_shifter_show, uniq_harold
D:11:     wad_woods_structure_01, uniq_nergalle
D:13:     hangedman_cross_stitches, serial_shops, bzr_firewalk,
          kennysheep_small_square, uniq_snorg, uniq_azrael
D:14:     david_vaults_5, evilmike_ruin_ashenzari, uniq_frances, uniq_agnes,
          uniq_sonja
D:15:     grunt_enter_depths_magical_seal, serial_shops,
          nicolae_shop_behind_doors, minmay_door_square
Temple:   chambers_temple_10
Lair:1:   portal_ice_cave_entry_pillars_01
Lair:3:   serial_forest, infiniplex_forest_lined_2,
          infiniplex_forest_straight_4, infiniplex_forest_straight_5,
          infiniplex_forest_end_3, infiniplex_forest_clump_curved,
          infiniplex_forest_clump_small, infiniplex_forest_lined_2,
          infiniplex_forest_lined_2, infiniplex_forest_fountain,
          infiniplex_forest_pool, lemuel_fruit_fields
Lair:4:   swamp_mist_pool, st_stairs_11, infiniplex_staircase_pool
Lair:5:   serial_bayou_shore_a
Lair:6:   spider_nest_entry_a, slime_altar_1
Lair:7:   lemuel_centaur_altar
Lair:8:   hangedman_lair_caniforms_friends, grunt_megastairs_4,
          bh_autumn_forest_stairs
Swamp:1:  evilmike_swamp_ruin_house_5, swamp_pool2, uniq_louise
Swamp:2:  evilmike_swamp_ruin_house_6
Swamp:3:  nicolae_swamp_treefoil
Swamp:4:  swamp_pestilence, swamp_pool3, nicolae_swamp_godswood
Spider:3: uniq_arachne
Spider:4: guppyfry_spider_rune, nicolae_orb_stairs, uniq_donald, uniq_norris
Orc:1:    basic_altar
Orc:2:    nicolae_orc_lava_room, uniq_maurice, uniq_gastronok
Orc:3:    nicolae_orc_accident_3, serial_shops, nicolae_shop_window_shopping,
          special_room, nicolae_orc_pool_cavern
Orc:4:    kennysheep_orc_mage_school, nicolae_orc_flooded_monolith
Vaults:1: nicolae_vaults_big_angled_halls, vaults_room_door_ring,
          grunt_vaults_trifunnel, nicolae_vaults_triangles, v_misc_27,
          v_misc_15, vaults_dpeg_encased_lava, vaults_room_corners,
          dpeg_vaults_monster_row, v_misc_22,
          hangedman_vaults_stretched_pinwheel, nicolae_vaults_little_squares_4
Vaults:2: v_misc_31, grunt_vaults_hallway_long, v_misc_1,
          vaults_room_hangedman_quadrants, grunt_vaults_swirl, v_rooms_4,
          hangedman_vaults_pinch, hangedman_vaults_restitches,
          nicolae_vaults_little_squares_3, grunt_vaults_diagonal,
          nicolae_vaults_gold_heap, grunt_vaults_focal
Vaults:3: v_misc_13, v_misc_8, v_alt_pattern_4, nicolae_vaults_angled_halls,
          st_octagons_2, minmay_crypt_entry_necro_gods, nicolae_vaults_asterisk,
          nicolae_vaults_circle_grid_b, ontoclasm_vaults_pinch,
          vaults_room_boxed, hangedman_vaults_cutoff, v_misc_25,
          nicolae_vaults_little_squares_6, nicolae_vaults_diagonal_hallway_7
Vaults:4: vaults_room_fancy_cross, v_misc_18, ontoclasm_vaults_shout,
          vaults_room_pools, vaults_dpeg_doors, nicolae_vaults_rhombus_6,
          uniq_jorgrun, uniq_mara, uniq_saint_roka
Bazaar:   dpeg_bazaar_wands
Sewer:    sewer_kobolds
IceCv:    ice_cave_small_necro

Action                   |  1- 3 |  4- 6 |  7- 9 | 10-12 | 13-15 | 16-18 | 19-21 || total
-------------------------+-------+-------+-------+-------+-------+-------+-------++-------
Melee: Unarmed           |     2 |       |       |       |       |       |       ||     2
       Quarterstaff      |       |     5 |       |       |       |       |       ||     5
       Short sword       |       |       |    22 |    34 |    74 |   173 |    46 ||   349
 Cast: Magic Dart        |    79 |    47 |   103 |   119 |   354 |    54 |       ||   756
       Searing Ray       |     4 |    17 |    26 |     8 |    13 |     2 |       ||    70
       Iskenderun's Myst |       |     6 |    26 |   246 |   363 |   284 |    10 ||   935
       Fulminant Prism   |       |     7 |    25 |    69 |    52 |     4 |       ||   157
       Dazzling Spray    |       |       |     8 |    50 |   123 |    69 |     5 ||   255
       Iskenderun's Batt |       |       |       |     3 |    46 |    11 |       ||    60
       Regeneration      |       |       |       |     2 |     5 |       |     1 ||     8
       Iron Shot         |       |       |       |     3 |   132 |   527 |   127 ||   789
       Bolt of Magma     |       |       |       |       |    56 |    60 |    57 ||   173
       Fireball          |       |       |       |       |     8 |    15 |   100 ||   123
       Repel Missiles    |       |       |       |       |     1 |     2 |     1 ||     4
       Delayed Fireball  |       |       |       |       |       |     2 |     3 ||     5
       Blink             |       |       |       |       |       |    21 |     6 ||    27
       Lehudib's Crystal |       |       |       |       |       |     3 |    68 ||    71
       Shatter           |       |       |       |       |       |       |    20 ||    20
 Abil: Evoke Flight      |       |       |       |       |     2 |       |       ||     2
       Release Delayed F |       |       |       |       |       |     2 |     2 ||     4
Evoke: Wand              |       |     2 |       |     2 |     1 |    11 |       ||    16
       Sack of spiders   |       |       |       |       |       |     2 |       ||     2
  Use: Scroll            |     9 |     4 |    13 |    10 |    10 |    17 |     7 ||    70
       Potion            |       |       |       |    10 |     3 |     5 |     1 ||    19
 Stab: Invisible         |       |       |       |       |     4 |     5 |       ||     9
       Sleeping          |       |       |       |       |     1 |       |       ||     1
       Distracted        |       |       |       |       |       |     1 |       ||     1
  Eat: Chunk             |     4 |     9 |    13 |    26 |    72 |    26 |    27 ||   177
       Royal jelly       |       |       |     1 |       |     3 |    15 |     1 ||    20
       Pizza             |       |       |     1 |       |       |     3 |     1 ||     5
       Fruit             |       |       |       |     7 |     3 |    10 |       ||    20
       Meat ration       |       |       |       |     2 |       |       |       ||     2
       Beef jerky        |       |       |       |       |     1 |     2 |       ||     3
